 Dungeon Crawl Stone Soup version 0.20.1-1-g8b1a95d (webtiles) character file.

3147 septik the Covert (level 9, -11/44 HPs)
             Began as a Spriggan Enchanter on July 18, 2017.
             Was an Elder of Okawaru.
             Mangled by a large slime creature (43 damage)
             ... on level 7 of the Dungeon.
             The game lasted 00:35:40 (9199 turns).

septik the Covert (Spriggan Enchanter)              Turns: 9199, Time: 00:35:41

Health: -11/44     AC:  2    Str:  5    XL:     9   Next: 62%
Magic:  1/18       EV: 23    Int: 17    God:    Okawaru [****..]
Gold:   376        SH:  0    Dex: 18    Spells: 13/19 levels left

rFire    . . .     SeeInvis +   v - +2 dagger (venom)
rCold    . . .     Gourm    .   (shield restricted)
rNeg     + . .     Faith    .   b - +0 robe
rPois    .         Spirit   .   (helmet restricted)
rElec    .         Reflect  .   (no cloak)
rCorr    .         Harm     .   (gloves unavailable)
MR       +....                  (boots unavailable)
Stlth    ++++++....             (no amulet)
Regen    0.2/turn               f - ring of positive energy
MPRegen  0.2/turn               k - ring of stealth

@: very quick
A: unfitting armour, see invisible, herbivore 3, speed 3, slow metabolism 2
a: Heroism, Renounce Religion


You were on level 7 of the Dungeon.
You worshipped Okawaru.
Okawaru was greatly pleased with you.
You were full.

You visited 1 branch of the dungeon, and saw 7 of its levels.

You collected 376 gold pieces.

Inventory:

Hand Weapons
 a - a +1 dagger
 p - a cursed -3 short sword
 s - a +3 quarterstaff of chaos
 v - a +2 dagger of venom (weapon)
 L - a cursed -3 short sword
Missiles
 J - 3 poisoned tomahawks (quivered)
Armour
 b - a +0 robe (worn)
 r - a +0 cloak
Jewellery
 f - a ring of positive energy (left hand)
 k - a ring of stealth (right hand)
 y - an uncursed amulet of harm {unknown}
 D - a +3 ring of intelligence {unknown}
Wands
 K - a wand of confusion (32/48)
Scrolls
 e - 6 scrolls of remove curse {unknown}
 g - a scroll of fog {unknown}
 j - a scroll of enchant weapon {unknown}
 t - 5 scrolls of identify {unknown}
 u - a scroll of immolation {unknown}
 x - 9 scrolls of teleportation {unknown}
 A - a scroll of enchant armour {unknown}
 E - a scroll of noise {unknown}
 F - a scroll of amnesia {unknown}
 H - a scroll of random uselessness {unknown}
 I - a scroll of magic mapping {unknown}
Potions
 i - 2 potions of cancellation {unknown}
 l - 3 potions of haste {unknown}
 m - 4 potions of mutation {unknown}
 n - a potion of invisibility {unknown}
 o - 5 potions of curing {unknown}
 q - 3 potions of agility {unknown}
 z - a potion of ambrosia {unknown}
 B - a potion of might {unknown}
 C - a potion of brilliance {unknown}
Books
 c - a book of Maledictions

   Spells                             Type                      Level
   a - Corona                         Hexes                        1
   b - Ensorcelled Hibernation        Hexes/Ice                    2
   c - Confuse                        Hexes                        3
   d - Tukima's Dance                 Hexes                        3
   e - Dazzling Spray                 Conjuration/Hexes            3
 G - a book of Transfigurations

   Spells                             Type                      Level
   a - Irradiate                      Conjuration/Transmutation    5
   b - Statue Form                    Transmutation/Earth          6
   c - Hydra Form                     Transmutation                6
   d - Dragon Form                    Transmutation                7
Comestibles
 d - 5 bread rations
 h - 2 fruits
 w - 5 royal jellies


   Skills:
 + Level 3.4 Fighting
 * Level 9.2 Short Blades
 + Level 6.8 Dodging
 + Level 9.9 Stealth
 - Level 5.6 Spellcasting
 - Level 7.0 Hexes


You had 13 spell levels left.
You knew the following spells:

 Your Spells              Type           Power        Failure   Level  Hunger
a - Corona                Hex            ####...      1%          1    None
b - Ensorcelled Hibernat  Hex/Ice        ###...       4%          2    #......
c - Tukima's Dance        Hex            ####....     2%          3    ##.....


Dungeon Overview and Level Annotations

Branches:
Dungeon (7/15)             Temple (0/1) D:6

Altars:
Ashenzari
Cheibriados
Dithmenos
Kikubaaqudgha
Okawaru
Yredelemnul

Shops:
D:4 :

Annotations:
D:3 Robin


Innate Abilities, Weirdness & Mutations

You are very small and have problems with some larger weapons.
You are too small for most types of armour.
You have supernaturally acute eyesight. (SInv)
You are a herbivore.
You cover ground extremely quickly.
You need consume almost no food.


Message History

The large slime creature barely misses you.
Casting: Ensorcelled Hibernation
Confirm with . or Enter, or press ? or * to list all spells.
Aiming: Ensorcelled Hibernation
Press: ? - help, Shift-Dir - straight line, f/p - large slime creature
Aim: a large slime creature (chance to defeat MR: 29%)
The large slime creature looks drowsy...
The helpless large slime creature fails to defend itself.
You stick the large slime creature like a pincushion!!!!
The large slime creature is severely wounded.
You hit the large slime creature.
The large slime creature is severely wounded.
The large slime creature completely misses you.
You hit the large slime creature.
The large slime creature is poisoned.
The large slime creature is severely wounded.
You hit the large slime creature.
The large slime creature is severely wounded.
The large slime creature hits you!!!
Ouch! That really hurt!
You die...

#.#######
##.....##
#. ..#
#.......#
#. ..#
#.......#
#. ..#
#...)...#
#. ..#
#...)...#
#. ..#
####....#
#. .##
##..'....#
#[ .#
#.########
###( .#
##(@JJJ(##
#... .#
#######.#
#.## .#
.........#
#.## .##
.J÷J..J÷.#
#.#. ..#
..J.J...÷#
#####.#.
..#######.
...÷...÷.#
#.......
..........
....J....#
#.###.#.
..########
[........#
#.#. ..#
##########
# #.##


You could see a large slime creature, a jelly and an ooze.

Vanquished Creatures
  A slime creature (D:7)
  2 hippogriffs (D:7)
  A wyvern (D:7)
  2 steam dragons (D:7)
  A necrophage (D:6)
  4 ogres
  2 centaurs
  3 big kobolds (D:7)
  7 bullfrogs
  A scorpion (D:6)
  3 crimson imps
  2 jellies (D:7)
  3 orc wizards
  An orc priest (D:4)
  3 hounds
  2 centaur skeletons (D:6)
  Crazy Yiuf (D:3)
  Jessica (D:3)
  An iguana (D:6)
  3 worker ants
  A worker ant zombie (D:6)
  4 gnolls (D:4)
  3 adders
  A shadow imp (D:6)
  5 oozes
  2 adder skeletons
  5 worms
  5 leopard geckos
  16 orcs
  8 giant cockroaches
  13 goblins
  9 hobgoblins
  8 jackals
  3 kobolds
  3 quokkas
  4 bats
  5 frilled lizards
  A giant cockroach zombie (D:6)
  4 rats
144 creatures vanquished.

Vanquished Creatures (collateral kills)
  An orc warrior (D:6)
  2 orcs (D:6)
  2 kobolds (D:7)
5 creatures vanquished.

Vanquished Creatures (others)
  7 fungi (D:7)
  8 toadstools (D:7)
15 creatures vanquished.

Grand Total: 164 creatures vanquished

Notes
Turn   | Place    | Note
-------+----------+-------------------------------------------
     0 | D:1      | septik the Spriggan Enchanter began the quest for the Orb.
     0 | D:1      | Reached XP level 1. HP: 9/9 MP: 5/5
   447 | D:1      | Found an iron altar of Okawaru.
   462 | D:1      | Became a worshipper of Warmaster Okawaru
   831 | D:1      | Reached skill level 5 in Stealth
   870 | D:1      | Reached XP level 2. HP: 11/13 MP: 6/6
  1190 | D:1      | Learned a level 2 spell: Ensorcelled Hibernation
  1793 | D:2      | Found a shattered altar of Ashenzari.
  1909 | D:2      | Reached XP level 3. HP: 7/16 MP: 3/8
  2919 | D:2      | Reached skill level 5 in Hexes
  3251 | D:3      | Found a runed door.
  3255 | D:3      | Noticed Crazy Yiuf
  3259 | D:3      | Killed Crazy Yiuf
  3259 | D:3      | Reached XP level 4. HP: 21/21 MP: 9/9
  3331 | D:3      | Noticed Jessica
  3336 | D:3      | Killed Jessica
  3439 | D:3      | Noticed Robin
  3788 | D:3      | Reached XP level 5. HP: 24/24 MP: 7/10
  4476 | D:4      | Noticed an ogre
  4477 | D:4      | Killed an ogre
  4477 | D:4      | Reached * piety under Okawaru
  4532 | D:4      | Noticed an ogre
  4539 | D:4      | Killed an ogre
  4539 | D:4      | Reached XP level 6. HP: 22/28 MP: 12/14
  4809 | D:4      | Found Hojosk's Book Boutique.
  4890 | D:4      | Reached skill level 5 in Spellcasting
  4929 | D:4      | Reached skill level 5 in Short Blades
  5594 | D:5      | Entered Level 5 of the Dungeon
  5603 | D:5      | Learned a level 3 spell: Tukima's Dance
  5675 | D:5      | Reached ** piety under Okawaru
  5675 | D:5      | Reached XP level 7. HP: 32/32 MP: 16/16
  6004 | D:5      | Found a snail-covered altar of Cheibriados.
  6149 | D:5      | Noticed a steam dragon
  6151 | D:5      | Noticed a steam dragon
  6674 | D:6      | Reached XP level 8. HP: 27/37 MP: 17/17
  6768 | D:6      | Reached *** piety under Okawaru
  7005 | D:6      | Found a basalt altar of Yredelemnul.
  7131 | D:6      | Reached skill level 1 in Fighting
  7471 | D:6      | Found a staircase to the Ecumenical Temple.
  8147 | D:7      | Found a shattered altar of Ashenzari.
  8286 | D:7      | Reached skill level 5 in Dodging
  8470 | D:7      | Found a shadowy altar of Dithmenos.
  8470 | D:7      | Found an ancient bone altar of Kikubaaqudgha.
  8470 | D:7      | Noticed a hippogriff
  8475 | D:7      | Noticed a hippogriff
  8553 | D:7      | Reached **** piety under Okawaru
  8553 | D:7      | Reached XP level 9. HP: 43/43 MP: 7/18
  9030 | D:7      | Received a gift from Okawaru
  9199 | D:7      | Mangled by a large slime creature

Skill      XL: |  1  2  3  4  5  6  7  8  9 |
---------------+----------------------------+-----
Stealth        | 5 7 8 9 |  9.9
Spellcasting   | 3 4 5 |  5.6
Hexes          | 4 5 7 |  7.0
Short Blades   | 2 3 4 5 7 9 |  9.2
Fighting       | 2 3 |  3.4
Dodging        | 5 6 |  6.8

Action                   |  1- 3 |  4- 6 |  7- 9 || total
-------------------------+-------+-------+-------++-------
Melee: Dagger            |   198 |   172 |   257 ||   627
 Cast: Ensorcelled Hiber |    22 |    41 |    53 ||   116
       Tukima's Dance    |       |       |    15 ||    15
 Stab: Sleeping          |    16 |    31 |    29 ||    76
       Distracted        |       |     1 |     3 ||     4
  Eat: Fruit             |     1 |       |     1 ||     2
       Bread ration      |       |     1 |     1 ||     2
Armor: Robe              |    19 |    16 |    11 ||    46
Dodge: Dodged            |   148 |   136 |   166 ||   450
